Map: Cerulean Fall LE

Players

playerknight - Winner!

  • Race: Terran Terran
  • League: Diamond
  • Spawn Location: 7:00

Apoptosis

  • Race: Zerg Zerg
  • League: Diamond
  • Spawn Location: 1:00

VOD

Have the link to the VOD?

Description

Time

  • Played on: Oct. 4, 2018, 5:50 a.m.
  • Length: 14:02
Show
View Real Time Build Order
Export as new Build Order

playerknight Terran - Winner!

Build Orders: Mech 

Get SALT Encoding   

  12  0:00  SCV  
  13  0:13  SCV  
  14  0:21  Supply Depot  
  14  0:25  SCV  
  15  0:43  SCV  
  15  0:44  Barracks  
  15  0:47  Refinery  
  16  0:55  SCV  
  17  1:07  SCV  
  18  1:19  SCV  
  19  1:31  SCV  
  19  1:32  Reaper  
  21  1:36  Command Center  
  21  1:47  Orbital Command  
  21  1:56  Refinery  
  21  2:04  Marine  
  21  2:05  Supply Depot  
  22  2:14  SCV  
  23  2:23  Barracks Reactor  
  23  2:26  SCV  
  24  2:30  Factory  
  24  2:38  SCV  
  25  2:50  Orbital Command  
  25  2:52  SCV  
  26  3:04  SCV  
  27  3:15  Command Center  
  27  3:16  SCV  
  27  3:19  SCV  
  29  3:24  Hellion x2  
  33  3:31  SCV  
  34  3:34  SCV  
  35  3:43  SCV  
  35  3:45  Hellion  
  35  3:46  SCV, Hellion  
  40  4:12  SCV x2  
  40  4:16  Hellion x2  
  46  4:17  Barracks Tech Lab  
  46  4:21  Starport  
  46  4:29  Supply Depot x3  
  46  4:35  Orbital Command  
  46  4:36  SCV x2  
  48  4:44  Hellion  
  49  4:46  Hellion  
  49  4:48  SCV  
  49  4:49  SCV  
  53  4:54  Marine  
  54  5:00  SCV  
  54  5:01  SCV  
  54  5:02  SCV  
  56  5:09  Banshee, Hellion x2  
  56  5:12  Marine  
  56  5:13  SCV x2  
  66  5:14  SCV  
  67  5:22  Armory x2  
  67  5:25  SCV  
  67  5:27  SCV x2  
  70  5:30  Marine  
  70  5:31  Hellion  
  70  5:32  Hellion  
  70  5:34  Cloaking Field  
  75  5:38  SCV  
  75  5:40  SCV  
  77  5:47  Supply Depot x2, SCV, Marine  
  77  5:48  Supply Depot  
  79  5:51  SCV  
  79  5:52  Hellion  
  79  5:55  Banshee  
  85  6:02  Refinery x2  
  85  6:08  Supply Depot, SCV x2, Marine  
  85  6:09  Supply Depot  
  85  6:10  Supply Depot  
  85  6:11  Terran Vehicle Weapons Level 1  
  88  6:13  Terran Vehicle And Ship Armor Level 1  
  88  6:14  Orbital Command  
  88  6:15  SCV  
  89  6:21  Factory  
  89  6:23  Factory  
  89  6:27  SCV x2  
  91  6:33  Barracks Reactor  
  91  6:34  Hellion  
  91  6:38  Refinery  
  91  6:39  SCV  
  94  6:41  Banshee  
  94  6:43  Refinery  
  94  6:44  SCV  
  87  6:50  SCV  
  75  6:59  SCV x2  
  77  7:02  SCV  
  77  7:06  Command Center  
  77  7:08  Factory Tech Lab  
  78  7:09  Hellion x2  
  78  7:12  SCV  
  78  7:14  SCV  
  84  7:20  SCV  
  85  7:23  Banshee  
  85  7:25  SCV  
  85  7:27  Hellion  
  85  7:28  Siege Tank, Hellion  
  96  7:35  SCV x2  
  98  7:38  Hellion  
  98  7:39  Hellion  
  98  7:40  SCV  
  103  7:46  Factory x2  
  103  7:50  SCV  
  104  7:52  SCV  
  102  8:00  Siege Tank, Hellion x2  
  103  8:06  Barracks Tech Lab  
  103  8:08  SCV x2  
  103  8:12  Liberator x2  
  105  8:16  SCV  
  106  8:20  SCV  
  106  8:22  Terran Vehicle Weapons Level 2, Terran Vehicle And Ship Armor Level 2, Hellion  
  109  8:27  SCV  
  109  8:28  Refinery, Thor  
  109  8:29  Engineering Bay  
  109  8:31  Factory Reactor x2  
  109  8:32  Refinery  
  122  8:40  Supply Depot  
  122  8:41  Supply Depot  
  122  8:42  Command Center  
  122  8:43  Supply Depot  
  122  8:44  SCV x3  
  125  8:56  Planetary Fortress, SCV x2  
  125  8:58  Missile Turret, SCV  
  125  9:02  Siege Tank  
  131  9:03  Hellion  
  131  9:04  Liberator x2  
  131  9:08  Missile Turret, SCV  
  134  9:11  Siege Tank  
  134  9:12  Hellion  
  134  9:13  SCV  
  134  9:16  SCV  
  141  9:20  SCV  
  148  9:25  SCV  
  148  9:27  Missile Turret  
  148  9:28  SCV  
  150  9:33  Supply Depot x3, SCV  
  150  9:34  Thor  
  150  9:37  Hellion  
  159  9:43  Siege Tank  
  159  9:45  Infernal Pre-Igniter  
  162  9:47  Liberator x2  
  162  9:48  SCV x2, Hellion x2  
  168  9:59  SCV  
  169  10:00  Orbital Command  
  169  10:02  SCV x2  
  177  10:07  Hellion x2  
  177  10:08  Cyclone  
  177  10:10  SCV  
  177  10:11  SCV  
  186  10:15  Siege Tank, SCV x2, Command Center  
  186  10:17  Siege Tank  
  194  10:22  SCV  
  194  10:24  Hellion  
  194  10:26  SCV x2  
  199  10:33  SCV  
  200  10:53  Factory  
  200  10:54  Factory  
  197  11:06  Terran Vehicle Weapons Level 3  
  197  11:20  SCV x2  
  199  11:53  Siege Tank x2  
  162  11:54  Hellion x3  
  162  11:55  Cyclone x4, Hellion  
  162  11:58  SCV  
  162  11:59  SCV x3  
  180  12:15  Cyclone x3  
  184  12:16  Cyclone  
  179  12:25  Siege Tank  
  179  12:26  Hellion  
  179  12:27  Hellion x2  
  179  12:29  Hellion x2  
  182  12:30  SCV x2  
  182  12:31  SCV x2  
  171  12:46  SCV x4  
  171  12:47  Hellion x2  
  171  12:48  Hellion  
  171  12:51  SCV x2  
  179  12:52  Hellion  
  179  12:53  Hellion x5  
  191  12:59  SCV x2  
  191  13:00  Siege Tank, SCV  
  197  13:09  Hellion  
  196  13:21  Hellion x2  
  196  13:25  Orbital Command  
  196  13:47  SCV x2  
Show
View Real Time Build Order
Export as new Build Order

Apoptosis Zerg 

Build Orders: Hatch First, Swarm Host 

Get SALT Encoding   

  12  0:01  Drone  
  13  0:12  Overlord  
  13  0:17  Drone  
  14  0:32  Drone x2  
  14  0:35  Drone  
  17  0:52  Hatchery  
  17  0:55  Drone  
  17  0:59  Drone  
  18  1:10  Extractor  
  17  1:17  Evolution Chamber  
  17  1:18  Drone x2  
  18  1:28  Drone  
  19  1:38  Overlord  
  19  2:08  Spawning Pool  
  18  2:10  Drone  
  18  2:11  Drone x2  
  21  2:21  Zerg Melee Weapons Level 1  
  21  2:24  Drone x3  
  22  3:00  Zergling x4  
  22  3:01  Zergling x8  
  28  3:09  Queen x2  
  32  3:14  Overlord  
  32  3:16  Metabolic Boost  
  32  3:35  Drone x5  
  37  3:42  Hatchery  
  36  3:48  Drone  
  36  3:49  Drone  
  37  4:09  Zergling x6  
  37  4:10  Zergling x2  
  37  4:16  Zergling x2  
  37  4:18  Zergling x6  
  37  4:21  Drone  
  41  4:29  Overlord x2  
  41  4:40  Hatchery  
  40  4:47  Overlord x2  
  40  4:52  Drone  
  41  4:53  Drone x7  
  41  4:59  Lair  
  43  5:12  Baneling Nest  
  43  5:13  Zergling x2, Drone  
  43  5:14  Zergling x4  
  46  5:21  Extractor  
  46  5:25  Zergling x12  
  46  5:28  Overlord  
  51  5:33  Extractor  
  50  5:36  Drone x3  
  50  5:37  Zergling x2  
  50  5:40  Zergling x4  
  50  5:42  Zergling x2  
  57  5:44  Zergling x2  
  57  5:45  Zergling x2  
  59  5:55  Drone x2  
  61  6:00  Overlord x2  
  61  6:01  Zergling x4  
  63  6:11  Queen  
  65  6:22  Drone x9  
  65  6:23  Drone  
  75  6:29  Baneling x8  
  75  6:30  Baneling  
  75  6:32  Baneling  
  75  6:33  Baneling  
  75  6:34  Baneling x2  
  75  6:35  Baneling  
  75  6:36  Baneling  
  75  6:44  Extractor  
  60  6:50  Zergling x18  
  63  7:01  Spore Crawler x2  
  63  7:02  Spore Crawler  
  63  7:03  Zergling x4  
  63  7:04  Zergling x2  
  63  7:07  Spore Crawler  
  62  7:15  Spore Crawler  
  61  7:16  Spore Crawler  
  61  7:18  Zergling x8  
  61  7:19  Zergling x6  
  62  7:30  Spore Crawler  
  62  7:31  Spore Crawler  
  62  7:36  Drone x7  
  67  7:37  Drone  
  67  7:50  Drone x4  
  71  7:57  Hydralisk Den  
  63  8:12  Drone x14  
  77  8:15  Extractor  
  77  8:16  Extractor  
  77  8:19  Queen  
  75  8:26  Muscular Augments  
  77  8:27  Hydralisk  
  79  8:41  Hydralisk x5  
  89  8:50  Zerg Ground Armor Level 1  
  89  8:52  Overlord  
  89  8:54  Overlord x2  
  90  9:02  Drone  
  90  9:03  Drone  
  90  9:04  Drone x3  
  90  9:05  Drone  
  90  9:06  Drone  
  96  9:10  Drone x6  
  102  9:23  Infestation Pit  
  101  9:27  Drone x2  
  101  9:28  Hydralisk x5  
  101  9:30  Zergling x2  
  114  9:35  Centrifical Hooks  
  114  9:38  Grooved Spines  
  114  9:50  Hatchery, Zergling x2  
  114  9:51  Zergling x12  
  120  9:53  Baneling x2  
  120  9:54  Baneling x9  
  120  9:55  Baneling  
  120  9:56  Baneling x2  
  120  10:18  Overlord x2  
  120  10:19  Overlord x4  
  120  10:25  Overseer x3  
  120  10:37  Overlord x2  
  120  10:43  Hatchery  
  119  10:54  Swarm Host  
  119  10:55  Swarm Host x12  
  158  11:14  Hatchery  
  158  11:18  Spore Crawler  
  156  11:19  Baneling Nest, Spore Crawler, Pneumatized Carapace  
  156  11:20  Overseer  
  156  11:21  Spore Crawler  
  153  11:31  Swarm Host  
  153  11:32  Swarm Host x4  
  169  11:40  Nydus Network  
  147  11:57  Zergling x4  
  147  11:58  Zergling x18  
  147  12:19  Hydralisk x4  
  147  12:20  Hydralisk x4  
  140  12:47  Hydralisk x7  
  144  13:10  Hydralisk x8  
Tags
 
Add a new tag
Caveats
  • Supply blocks, unpowered buildings, or Contaminate may cause inaccurate times.
  • Supply counts are checked every 10 seconds.